[Event "Early-Titled-Tuesday-Blitz-April-23-2024"]
[Site "Chess.com"]
[Date "2024.04.23"]
[Round "8"]
[White "ProtectiveCarrot"]
[Black "hongnhung1234"]
[Result "1-0"]
[WhiteElo "2377"]
[BlackElo "2539"]
[TimeControl "180+1"]
[EndTime "9:32:35 PDT"]
[Termination "ProtectiveCarrot won by checkmate"]

1. Nf3 Nf6 2. g3 g6 3. Bg2 Bg7 4. O-O O-O 5. d4 c5 6. c4 cxd4 7. Nxd4 Nc6 8. Nc3 d6 9. Nxc6 bxc6 10. Bxc6 Rb8 11. Bg2 Qa5 12. Rb1 Ba6 13. Qd3 Ng4 14. Nd5 Qd8 15. b3 e6 16. Ne3 Ne5 17. Qc2 Bb7 18. Bb2 Bxg2 19. Nxg2 Qa5 20. Bc3 Qc5 21. Rfd1 Rfd8 22. Nf4 Rbc8 23. Nd3 Nxd3 24. Rxd3 d5 25. Bxg7 Kxg7 26. Qb2+ Kg8 27. cxd5 Rxd5 28. Rxd5 Qxd5 29. Rc1 Rd8 30. e3 h5 31. h4 Qf3 32. Qc2 a6 33. b4 Rb8 34. Qc4 a5 35. bxa5 Rb2 36. Rf1 Qf5 37. a6 Qa5 38. Rd1 Qxa2 39. Rd8+ Kh7 40.
Qd4 Rb1+ 41. Kg2 g5 42. Qh8+ Kg6 43. Rg8+ Kf5 44. Rxg5+ Ke4 45. Qd4# 1-0

[Event "Early-Titled-Tuesday-Blitz-April-23-2024"]
[Site "Chess.com"]
[Date "2024.04.23"]
[Round "8"]
[White "LaPiToB"]
[Black "wild3000"]
[Result "1-0"]
[WhiteElo "2319"]
[BlackElo "2471"]
[TimeControl "180+1"]
[EndTime "9:32:35 PDT"]
[Termination "LaPiToB won on time"]

1. c4 Nf6 2. Nc3 g6 3. g3 Bg7 4. Bg2 O-O 5. e4 d6 6. Nge2 e5 7. O-O Nc6 8. d3 Bg4 9. h3 Bxe2 10. Nxe2 Nd7 11. Be3 a5 12. Rb1 a4 13. f4 exf4 14. Nxf4 Nd4 15. Rf2 Nc5 16. b3 axb3 17. axb3 Ncxb3 18. Rxb3 Nxb3 19. Qxb3 Qc8 20. Nd5 Ra1+ 21. Kh2 Re8 22. Nf6+ Bxf6 23. Rxf6 Re1 24. Bd4 Re6 25. Rf2 h5 26. Bb2 Rb1 27. Qc3 Re5 28. d4 Rxb2 29.
Qxb2 Re7 30. Qd2 b6 31. Qf4 Qe8 32. Ra2 Qf8 33. Qf6 Re8 34. e5 dxe5 35. dxe5 Qg7 36. Bd5 Qxf6 37. exf6 Rd8 38. Ra7 Rc8 39. Kg2 Kf8 40.
Kf3 Ke8 41. Kf4 Kd7 42. Kg5 Rf8 43. Kh6 Kd6 44. Kg7 Rb8 45. Kxf7 b5 46. Kxg6 b4 47. f7 b3 48. Kg7 b2 49. Be4 Ke5 50. Bb1 c5 51.
f8=Q Rxf8 52. Kxf8 Kd4 53. Ba2 h4 54. gxh4 Kc3 55.
h5 Kd2 56. h6 Kc3 57. h7 b1=Q 58.
Bxb1 Kb3 59. h8=Q Kb4 60. Qb2+ Kxc4 61. Ba2+ Kd3 62. Rd7+ Ke4 63. Qe2+ 1-0

[Event "Early-Titled-Tuesday-Blitz-April-23-2024"]
[Site "Chess.com"]
[Date "2024.04.23"]
[Round "8"]
[White "Mackster23"]
[Black "DamianoLew95"]
[Result "1-0"]
[WhiteElo "2595"]
[BlackElo "2773"]
[TimeControl "180+1"]
[EndTime "9:32:37 PDT"]
[Termination "Mackster23 won by checkmate"]

1. e4 c5 2. Nf3 d6 3. d4 cxd4 4. Nxd4 Nf6 5. Nc3 Nc6 6. Bg5 e6 7. Qd2 a6 8. O-O-O Bd7 9. Kb1 h6 10. Bh4 Nxe4 11. Nxe4 Qxh4 12. Nxd6+ Bxd6 13. Nf3 Qe7 14. Qxd6 Qxd6 15. Rxd6 Ke7 16. Rd2 g5 17. h4 g4 18. Nd4 Nxd4 19. Rxd4 f5 20. Bc4 Rad8 21. Rhd1 Bc8 22. Rxd8 Rxd8 23. Rxd8 Kxd8 24. f4 gxf3 25. gxf3 e5 26. Kc1 Kc7 27. Kd2 Kd6 28. Ke3 f4+ 29.
Ke4 Bd7 30. Bd5 b6 31. Bb7 a5 32. c3 Ke6 33. b4 axb4 34. cxb4 Ba4 35. Bc8+ Kf6 36.
Kd5 h5 37. Bb7 Kf5 38. Bc8+ Kf6 39. Bb7 Bd1 40. Kc4 Be2+ 41. Kb3 b5 42. a4 Bd1+ 43. Kc3 Bxa4 44. Bc6 Ke6 45. Kd2 Ke7 46. Kc3 Bd1 47.
Kd2 Ba4 48. Kc3 Kd6 49. Be8 Bd1 50.
Bxh5 e4 51. Kd2 Bxf3 52. Bxf3 exf3 53. Ke1 Kd5 54. Kf2 Kc4 55. h5 Kxb4 56. h6 Ka3 57. h7 b4 58. h8=Q b3 59. Qa8+ Kb2 60. Kxf3 Kc2 61. Qc6+ Kb1 62. Qe4+ Ka1 63. Qa4+ Kb2 64.
Kxf4 Kc2 65. Qc4+ Kb2 66. Ke3 Ka1 67. Qa4+ Kb2 68. Kd2 Kb1 69. Qxb3+ Ka1 70. Qb4 Ka2 71. Kc2 Ka1 72. Qb2# 1-0

[Event "Early-Titled-Tuesday-Blitz-April-23-2024"]
[Site "Chess.com"]
[Date "2024.04.23"]
[Round "8"]
[White "marcodobrikov"]
[Black "Rsnr"]
[Result "0-1"]
[WhiteElo "2699"]
[BlackElo "2893"]
[TimeControl "180+1"]
[EndTime "9:32:38 PDT"]
[Termination "Rsnr won by resignation"]

1. e4 c6 2. b3 d5 3. exd5 cxd5 4. Bb2 Nc6 5. Nf3 Bg4 6. Be2 e6 7. O-O Nf6 8. Ne5 Bxe2 9. Qxe2 Be7 10. c4 O-O 11. d4 Rc8 12. Nxc6 bxc6 13. c5 Nd7 14. b4 Rb8 15. Bc3 Bf6 16. f4 g6 17.
Nd2 Bg7 18. a4 Qc7 19. g3 Rfe8 20. Nf3 Nf6 21. Nd2 Nd7 22. Qd3 f6 23. Kg2 e5 24.
Rab1 exf4 25. Rxf4 f5 26. b5 Bh6 27. Rf2 Re3 28.
Qc2 Nf6 29. b6 Qe7 30. bxa7 Qxa7 31. Rxb8+ Qxb8 32. a5 Ng4 33. a6 Rxg3+ 34. hxg3 Ne3+ 35. Kh3 Nxc2 36. Nf3 Ne3 37. Rb2 Qa7 38. Rb6 f4 39. g4 Bg7 40. Bd2 h5 41. Bxe3 fxe3 42. gxh5 gxh5 43. Kg2 Qd7 44. Kf1 Qg4 45. Ke2 Qg2+ 46. Kxe3 Bh6+ 47. Kd3 Qxf3+ 48. Kc2 Qe2+ 49. Kb3 Qc4+ 50.
Kb2 Qxd4+ 51. Kb1 Qg1+ 52. Ka2 Qxc5 53. Rb8+ Kg7 54. Rb7+ Kf6 55. a7 Qa5+ 56. Kb3 Be3 57.
Rb5 Qxb5+ 0-1

[Event "Early-Titled-Tuesday-Blitz-April-23-2024"]
[Site "Chess.com"]
[Date "2024.04.23"]
[Round "8"]
[White "alpope"]
[Black "Ati1517"]
[Result "1-0"]
[WhiteElo "2522"]
[BlackElo "2275"]
[TimeControl "180+1"]
[EndTime "9:32:38 PDT"]
[Termination "alpope won by resignation"]

1. e4 c5 2. Ne2 d6 3. g3 Nf6 4. Bg2 Nc6 5. O-O g6 6. c3 Bg7 7. d4 cxd4 8. cxd4 O-O 9. Nbc3 Bd7 10.
h3 Rc8 11. Be3 a6 12. Qd2 b5 13. b3 e6 14. Rac1 Qa5 15. g4 b4 16. Nd1 Na7 17.
a4 Rxc1 18. Nxc1 Rc8 19. Nd3 Nc6 20. N1b2 d5 21. e5 Ne4 22. Bxe4 dxe4 23. Nc5 Be8 24. Nc4 Qd8 25. Nd6 Rb8 26. Ncxe4 Na5 27. Bh6 Nxb3 28. Qe3 Bxa4 29. Bxg7 Kxg7 30. f4 Qb6 31.
Rd1 a5 32. f5 exf5 33. gxf5 gxf5 34. Qg5+ Kf8 35. Qh6+ Ke7 36. Qf6+ Kd7 37. Qxf7+ Kc6 38. Qc4+ Kd7 39. Nf6+ Kd8 40. Qg8+ Kc7 41. Qf7+ Kd8 42.
Qf8+ Kc7 43. Nd5+ Kc6 44. Nxb6 Rxf8 45. Nxa4 Kd5 46. Nb6+ Ke6 47. Ndc4 Rg8+ 48. Kh2 f4 49. d5+ Kf5 50. d6 Nc5 51. d7 Ne6 52. Nd5 Ke4 53. Nf6+ 1-0

[Event "Early-Titled-Tuesday-Blitz-April-23-2024"]
[Site "Chess.com"]
[Date "2024.04.23"]
[Round "8"]
[White "Firouzja2003"]
[Black "mishanick"]
[Result "1-0"]
[WhiteElo "3081"]
[BlackElo "3161"]
[TimeControl "180+1"]
[EndTime "9:32:39 PDT"]
[Termination "Firouzja2003 won on time"]

1. e4 c5 2. Nf3 e6 3. g3 Nc6 4. Bg2 Nf6 5. Qe2 d5 6. d3 Be7 7. O-O O-O 8. e5 Nd7 9. h4 b5 10. Bf4 b4 11. a3 a5 12. Nbd2 Ba6 13. Rfe1 Qb6 14. c4 bxc3 15. bxc3 Rfb8 16. c4 dxc4 17. Nxc4 Qd8 18. Ng5 Nd4 19. Qh5 Bxg5 20. Bxg5 Qc7 21.
Be7 Re8 22. Nd6 Rxe7 23. Bxa8 Nc2 24. Be4 Nf8 25. Qe2 Nxa1 26. Rxa1 Nd7 27. Qh5 Nf8 28. Rc1 Qb6 29. Qe2 Rc7 30. h5 h6 31. Qd2 a4 32.
Kg2 c4 33. dxc4 Qc5 34. Qb4 Qxe5 35. c5 Be2 36. c6 f5 37. f4 Qf6 38. Ne8 Qd8 39. Nxc7 fxe4 40. Qxe4 Bg4 41. Nd5 exd5 42. Qd4 Ne6 43. Qe5 Nc7 44. f5 Bxh5 45. f6 Bg6 46. fxg7 Be4+ 47. Kg1 Qb8 48. Rf1 Qe8 49. Rf8+ Qxf8 50.
gxf8=Q+ Kxf8 51. Qxc7 1-0

[Event "Early-Titled-Tuesday-Blitz-April-23-2024"]
[Site "Chess.com"]
[Date "2024.04.23"]
[Round "8"]
[White "kecalk"]
[Black "ViktoriyaTarasova"]
[Result "1-0"]
[WhiteElo "2526"]
[BlackElo "2358"]
[TimeControl "180+1"]
[EndTime "9:32:40 PDT"]
[Termination "kecalk won on time"]

1. e4 e5 2. f4 d5 3. exd5 exf4 4. Nf3 Nf6 5. c4 c6 6. d4 cxd5 7. Bxf4 Bd6 8. Bxd6 Qxd6 9. c5 Qe7+ 10. Be2 O-O 11. O-O Nc6 12. Kh1 Ng4 13. Qd2 Qe3 14. h3 Qxd2 15. Nbxd2 Ne3 16. Rfc1 Bf5 17. a3 Nc2 18. Ra2 N2xd4 19. Bf1 Rfe8 20. b4 Nxf3 21. Nxf3 a6 22.
Kg1 Be4 23. Kf2 h6 24. Rd2 g5 25. Nd4 Nxd4 26. Rxd4 Re6 27. a4 Rae8 28. b5 axb5 29. axb5 Rf6+ 30. Kg1 Rc8 31. Ra4 Re6 32. Ra7 d4 33. c6 bxc6 34. b6 c5 35. b7 Rb8 36.
Ba6 d3 37. Kf2 Rb6 38. Rxc5 Bxb7 39. Bxb7 R6xb7 40. Ra6 Rb2+ 41. Kg3 d2 42. Rd5 R8b3+ 43.
Kh2 Kg7 44. Rad6 d1=Q 45. Rxd1 Rc3 46. R1d4 Rcc2 47. Rg4 Rf2 48. h4 Rb5 49. h5 Kg8 50. Rxh6 Kf8 51. Rc6 1-0

[Event "Early-Titled-Tuesday-Blitz-April-23-2024"]
[Site "Chess.com"]
[Date "2024.04.23"]
[Round "8"]
[White "bescmelasti"]
[Black "RobertoJBM"]
[Result "1-0"]
[WhiteElo "2617"]
[BlackElo "2819"]
[TimeControl "180+1"]
[EndTime "9:32:41 PDT"]
[Termination "bescmelasti won on time"]

1. e4 c6 2. d4 d5 3. Nc3 dxe4 4. Nxe4 Nd7 5. Nf3 Ngf6 6. Nxf6+ Nxf6 7. Bd3 Bg4 8. c3 Qd5 9. Be2 e6 10. O-O Bd6 11.
h3 Bh5 12. c4 Qa5 13. Bd2 Bb4 14. Be3 Be7 15. Ne5 Bxe2 16. Qxe2 O-O 17. a3 Qc7 18. b4 a5 19. Bf4 Qd8 20. Qb2 axb4 21. axb4 Qb6 22. Nd3 Rfd8 23. Be3 Qc7 24. b5 Rdc8 25. b6 Qd8 26. Bf4 Bd6 27. Bxd6 Qxd6 28. Nc5 Qe7 29.
Rxa8 Rxa8 30. Ra1 Rb8 31. Ra7 Ne8 32. Qa3 Qd8 33. Qb2 Nd6 34. Ra4 h6 35. Nd3 Nf5 36.
c5 Qd5 37. g3 f6 38. Nf4 Qd7 39. Kg2 Kf7 40. h4 g5 41. hxg5 hxg5 42. Ne2 Ne7 43. Qb3 Nd5 44. Ra7 Re8 45. Qf3 Re7 46. Qh5+ Kg7 47. Ra8 Rf7 48. Rh8 Nf4+ 49. gxf4 Qd5+ 50.
Kg1 1-0

[Event "Early-Titled-Tuesday-Blitz-April-23-2024"]
[Site "Chess.com"]
[Date "2024.04.23"]
[Round "8"]
[White "CristianS27"]
[Black "Naruto75_3"]
[Result "1-0"]
[WhiteElo "2562"]
[BlackElo "2390"]
[TimeControl "180+1"]
[EndTime "9:32:41 PDT"]
[Termination "CristianS27 won on time"]

1. e4 c5 2. Nf3 d6 3. d4 cxd4 4. Nxd4 Nf6 5. Nc3 a6 6. Be3 e6 7. g4 Be7 8. g5 Nfd7 9. h4 b5 10.
Qh5 Nf8 11. O-O-O Bb7 12. Bh3 g6 13. Qf3 Nbd7 14. Qg3 Rc8 15. Bg2 Qa5 16. Nb3 Qd8 17. h5 b4 18. Ne2 Qc7 19. Rd2 Ne5 20. hxg6 fxg6 21. Ned4 Nc4 22. Re2 e5 23. Bh3 exd4 24. Bxd4 Ne5 25. Bxc8 Bxc8 26. f4 Ne6 27. fxe5 Nxd4 28.
Nxd4 dxe5 29. Nf3 Bd6 30. Rd2 Be6 31. Rhd1 b3 32. axb3 Bxb3 33. Nxe5 Ba4 34. Qd3 Bxe5 35.
Qxa6 O-O 36. Qxa4 Rb8 37. b3 Bf4 38. Kb1 Bxd2 39. Rxd2 Qe5 40. Qc4+ Kh8 41. Qd4 Qxd4 42. Rxd4 1-0

[Event "Early-Titled-Tuesday-Blitz-April-23-2024"]
[Site "Chess.com"]
[Date "2024.04.23"]
[Round "8"]
[White "hmatyi07"]
[Black "AccioChess"]
[Result "1/2-1/2"]
[WhiteElo "2310"]
[BlackElo "2436"]
[TimeControl "180+1"]
[EndTime "9:32:41 PDT"]
[Termination "Game drawn by repetition"]

1. e4 e6 2. d4 d5 3. exd5 exd5 4. Nf3 Nf6 5. Bd3 Bd6 6. Qe2+ Be6 7. c4 c6 8. c5 Bc7 9. Ng5 O-O 10. Nxe6 fxe6 11.
Qxe6+ Kh8 12. O-O Nbd7 13. Bg5 Qb8 14. h3 Bf4 15. Bxf4 Qxf4 16. Qe3 Qh4 17. Bc2 Rae8 18. Qd3 Re4 19. Qa3 Rxd4 20. Qxa7 Ne5 21. Qa3 Nc4 22.
Qc3 Nd7 23. b3 Nce5 24. Nd2 Qf4 25. Rad1 Nf6 26. Nb1 Rxd1 27. Rxd1 Ne4 28. Bxe4 dxe4 29. Qd2 Qf5 30. Nc3 Nd3 31. Nxe4 Nxc5 32. Nxc5 Qxc5 33. Qd6 Qxf2+ 34. Kh1 h6 35. Qd7 Qxa2 36. Qxb7 Qc2 37. Rg1 Kh7 38. b4 Rf5 39. Qe7 Rb5 40. Qd7 Rxb4 41. Rf1 Rb2 42. Qg4 Qg6 43. Qf3 Rc2 44.
Rd1 c5 45. Rd5 c4 46. Rd8 c3 47. Qa8 Rc1+ 48. Kh2 Qf6 49. Rh8+ Kg6 50. Qe8+ Qf7 51. Qe4+ Qf5 52. Qe8+ Qf7 53. Qe4+ Qf5 54. Qe8+ Qf7 1/2-1/2

[Event "Early-Titled-Tuesday-Blitz-April-23-2024"]
[Site "Chess.com"]
[Date "2024.04.23"]
[Round "8"]
[White "artin10862"]
[Black "Witik"]
[Result "1-0"]
[WhiteElo "2931"]
[BlackElo "2766"]
[TimeControl "180+1"]
[EndTime "9:32:43 PDT"]
[Termination "artin10862 won on time"]

1. e4 c6 2. d4 d5 3. e5 c5 4. dxc5 e6 5. Nf3 Bxc5 6. a3 Nd7 7. b4 Be7 8. Bb2 a5 9. b5 Nh6 10. Nbd2 O-O 11. c4 Nb6 12. Qc2 Bd7 13. Bd3 dxc4 14. Bxh7+ Kh8 15. a4 Bb4 16. Bd4 Nd5 17. Be4 c3 18.
Nb3 Rc8 19. O-O Nf5 20. Rad1 Qe7 21. Rfe1 Rfd8 22. g3 Be8 23. h4 Kg8 24. Rf1 Ba3 25. Qe2 Qb4 26. Qa2 Bb2 27. Na1 Rc4 28. Nc2 Qxa4 29.
Qb1 Bxb5 30. Rfe1 Nde7 31. g4 Nxd4 32. Ncxd4 Rcxd4 33. Nxd4 Rxd4 34. Rxd4 Qxd4 35. Rd1 Qb6 36. Rd6 Bc6 37. Qd1 Ng6 38. h5 Kh7 39. hxg6+ fxg6 40. Bc2 Qc5 41. Qd3 Be8 42. Rxe6 Bf7 43. Rxg6 Kg8 44.
Rd6 Qxe5 45. Rd8+ Be8 46. Ba4 Qe1+ 47. Kg2 1-0

[Event "Early-Titled-Tuesday-Blitz-April-23-2024"]
[Site "Chess.com"]
[Date "2024.04.23"]
[Round "8"]
[White "Jospem"]
[Black "JSPrepz"]
[Result "1-0"]
[WhiteElo "3072"]
[BlackElo "2814"]
[TimeControl "180+1"]
[EndTime "9:32:44 PDT"]
[Termination "Jospem won on time"]

1. e4 e6 2. d4 d5 3. exd5 exd5 4. h3 Nc6 5. Nf3 Nge7 6. Nc3 Ng6 7. Bd3 Be6 8. O-O Bd6 9. Re1 O-O 10. Ng5 Qf6 11.
Nxh7 Kxh7 12. Qh5+ Kg8 13. Bg5 Qxd4 14. Nb5 Qxb2 15.
Rab1 Qxa2 16. Nxd6 cxd6 17. Rxb7 Nce5 18. Rxe5 Qa1+ 19.
Kh2 Qxe5+ 20. f4 Qd4 21. Re7 Rae8 22. Rb7 Rb8 23. Re7 Rfe8 24. Rc7 Qb6 25. Bxg6 fxg6 26. Rxg7+ Kxg7 27. Qh6+ Kg8 28. Qxg6+ Kf8 29. Qh6+ Kg8 30. Qg6+ Kf8 31. Bf6 Re7 32. f5 Bxf5 33. Qh6+ Ke8 34. Qh5+ Kf8 35. Qxf5 Rf7 36. Qg6 Rxf6 37. Qxf6+ Ke8 38.
h4 Kd7 39. h5 Kc6 40. h6 Qd8 41.
Qc3+ Kd7 42. Qh3+ Kc7 43. Qc3+ Kb6 44. Qb3+ Kc6 45. Qc3+ Kb7 46. Qb3+ Ka8 47. Qxd5+ Rb7 48. g3 Qh8 49. Qxd6 Qh7 50. Kh3 a5 51. g4 a4 52. g5 1-0

[Event "Early-Titled-Tuesday-Blitz-April-23-2024"]
[Site "Chess.com"]
[Date "2024.04.23"]
[Round "8"]
[White "DanyKopy"]
[Black "IM_ArthurDW08"]
[Result "0-1"]
[WhiteElo "2560"]
[BlackElo "2735"]
[TimeControl "180+1"]
[EndTime "9:32:45 PDT"]
[Termination "IM_ArthurDW08 won by resignation"]

1. Nf3 c5 2. g3 h6 3. Bg2 g5 4. O-O Bg7 5. c4 Nc6 6. Nc3 Nf6 7. b3 e5 8. e3 O-O 9. Bb2 d6 10. Nd5 Nxd5 11. cxd5 Ne7 12. d4 cxd4 13. exd4 e4 14.
Nd2 f5 15. Ba3 b5 16. Qe2 a6 17. Bb2 Nxd5 18. a4 Bd7 19. Rac1 Kh8 20. Ba3 Qb6 21. a5 Qxd4 22. Bxd6 Nc3 23. Rxc3 Qxd6 24. Rcc1 Qb4 25. Rc7 Qd6 26. Rcc1 Rac8 27. Rcd1 Qe6 28. Bh3 Bc6 29. Rfe1 Qe5 30. Qe3 g4 31. Bg2 Qc3 32. Qb6 Bd4 33.
Nb1 Bxb6 34. Nxc3 Bxa5 35. Rc1 Bb7 36. Re3 Rxc3 37. Rexc3 Bxc3 38. Rxc3 Rc8 39. Rxc8+ Bxc8 40. Kf1 Be6 41. b4 Kg7 42. Ke1 Kf6 43. Kd2 Ke5 44. Kc3 f4 45. Bf1 h5 46. Be2 Bd5 47. Bd1 e3 48.
fxe3 fxg3 49. hxg3 h4 50. Bxg4 hxg3 51. Bh3 g2 52. Bxg2 Bxg2 53. Kb3 Bd5+ 54. Kc3 Ke4 55. Kd2 Bc4 56. Kc3 Kxe3 57. Kb2 Kd4 58. Ka3 Bd5 59. Kb2 Kc4 60. Ka3 Bc6 61. Kb2 Kxb4 0-1

[Event "Early-Titled-Tuesday-Blitz-April-23-2024"]
[Site "Chess.com"]
[Date "2024.04.23"]
[Round "8"]
[White "FGHSMN"]
[Black "blitzking1729"]
[Result "0-1"]
[WhiteElo "2903"]
[BlackElo "2780"]
[TimeControl "180+1"]
[EndTime "9:32:47 PDT"]
[Termination "blitzking1729 won by resignation"]

1. e4 e5 2. Nf3 Nc6 3. Bc4 Nf6 4. d3 Bc5 5. O-O d6 6. c3 h6 7. Re1 O-O 8. h3 a6 9. a4 Ba7 10. Nbd2 Ne7 11. Nf1 Ng6 12. Ng3 Be6 13. Bxe6 fxe6 14.
d4 exd4 15. cxd4 d5 16. e5 Nd7 17. b4 a5 18. Qd3 Nh4 19. Nxh4 Qxh4 20. Be3 axb4 21. Qb5 Nb6 22. Qxb4 Nc4 23. Rad1 Bb6 24. Re2 Rfe8 25. Nf1 Qe7 26. Qb3 Qa3 27. Qb1 Qxa4 28. Bxh6 Re7 29. Bg5 Rf7 30. Ree1 Qa2 31. Qxa2 Rxa2 32.
f4 Nb2 33. Rd2 Ba5 34. Ree2 Bxd2 35. Rxd2 b5 36. Kh2 b4 37. Rc2 b3 38. Rc3 Ra3 39. Nd2 Na4 40. Rxb3 Rxb3 41. Nxb3 Rf8 42. g4 Rb8 43.
Na5 c5 44. dxc5 Nxc5 45. f5 Ne4 46. Bf4 Rb2+ 47. Kg1 exf5 48. gxf5 Rf2 49. Be3 Rxf5 50.
Nc6 Rf3 51. Ne7+ Kf7 52. Nxd5 Ke6 53. Kg2 Rg3+ 54. Kh2 Kxd5 0-1

[Event "Early-Titled-Tuesday-Blitz-April-23-2024"]
[Site "Chess.com"]
[Date "2024.04.23"]
[Round "8"]
[White "ravengelic"]
[Black "Matibar"]
[Result "0-1"]
[WhiteElo "2673"]
[BlackElo "2853"]
[TimeControl "180+1"]
[EndTime "9:32:47 PDT"]
[Termination "Matibar won by resignation"]

1. d4 f5 2. Bf4 Nf6 3. e3 g6 4. h4 d6 5. h5 Rg8 6. hxg6 hxg6 7. Nc3 g5 8. Bg3 e6 9. Be2 Qe7 10. Nf3 Nc6 11. Qd2 Bd7 12. O-O-O O-O-O 13. Kb1 Ne4 14. Nxe4 fxe4 15. Nh2 Bg7 16. Ng4 Rh8 17. a3 Qf7 18. Qc3 Kb8 19. Qb3 Ne7 20. c4 Nf5 21. c5 Nxg3 22.
fxg3 Bc6 23. Rhf1 Qe7 24. Bb5 Bd5 25. Bc4 dxc5 26. Ne5 Bxe5 27. dxe5 c6 28. Rf6 Qc7 29. Qc3 Bxc4 30. Rxd8+ Rxd8 31. Qxc4 Qxe5 32. Rxe6 Qxg3 33. Qxe4 a6 34. Qe5+ Qxe5 35. Rxe5 Rd5 36. Re8+ Kc7 37. Kc2 Rf5 38. g4 Rf2+ 39. Kc3 Rg2 40. Re4 Kd6 41. b3 b5 42. a4 Kd5 43. Re8 Rxg4 44. axb5 axb5 45.
Rd8+ Ke6 46. Re8+ Kd7 47. Re5 Kd6 48. Rf5 Rg1 49. Kd3 g4 50. Ke4 g3 51. Rf6+ Kc7 52.
Rg6 g2 53. Ke5 c4 54. bxc4 bxc4 55. Ke4 c3 56. Kf3 c2 57. Kf2 c1=Q 0-1

[Event "Early-Titled-Tuesday-Blitz-April-23-2024"]
[Site "Chess.com"]
[Date "2024.04.23"]
[Round "8"]
[White "JeFumeDesClopes"]
[Black "Byniolus"]
[Result "1-0"]
[WhiteElo "2613"]
[BlackElo "2813"]
[TimeControl "180+1"]
[EndTime "9:32:47 PDT"]
[Termination "JeFumeDesClopes won on time"]

1. e4 d5 2. Nc3 dxe4 3. Nxe4 Nc6 4. Nf3 Bg4 5. Bb5 Qd5 6. Nc3 Qd6 7. d4 a6 8. Bxc6+ Qxc6 9. d5 Qf6 10. Qd3 Bxf3 11.
gxf3 O-O-O 12. Be3 e6 13. O-O-O Qxf3 14. Qd4 b6 15. Qa4 a5 16. Bxb6 Bd6 17. Bxa5 Qf4+ 18. Qxf4 Bxf4+ 19. Kb1 Nf6 20. dxe6 fxe6 21. h3 e5 22. Bb4 Kb7 23. Be7 Rde8 24. Bxf6 gxf6 25. Nd5 Rhf8 26. Nxf4 exf4 27. Rd4 Re2 28. Rxf4 Rd8 29. Rxf6 Rdd2 30. Rc1 Re4 31. b3 Rh4 32. Rf3 Re2 33.
Rd1 Rh5 34. Rdd3 Re1+ 35. Kb2 Re6 36. Rc3 Re7 37. a4 Rh6 38. Rc4 Rd6 39. Rcf4 Rh6 40. Rf7 Rxf7 41. Rxf7 Rxh3 42. f4 h5 43. Rh7 Kc6 44. f5 Kd6 45. a5 Kc6 46. b4 h4 47.
c3 Rf3 48. Rxh4 Rxf5 49. Kb3 Kb7 50. Rh7 Rf1 51. c4 Rb1+ 52. Ka4 Kc6 53. Rh6+ Kb7 54. Kb5 Rf1 55. c5 Rf7 56. c6+ Ka7 57. Rh5 Rf4 58.
Rd5 Rf7 59. Ka4 Re7 60. Rd7 1-0

[Event "Early-Titled-Tuesday-Blitz-April-23-2024"]
[Site "Chess.com"]
[Date "2024.04.23"]
[Round "8"]
[White "tusplingher"]
[Black "Der_Balak_3Halak"]
[Result "1-0"]
[WhiteElo "2635"]
[BlackElo "2439"]
[TimeControl "180+1"]
[EndTime "9:32:48 PDT"]
[Termination "tusplingher won by checkmate"]

1. e4 c5 2. Nf3 Nc6 3. Bc4 e6 4. O-O d5 5. Bb5 dxe4 6. Ne5 Bd7 7. Bxc6 Bxc6 8. Nxc6 bxc6 9. Nc3 Nf6 10. Qe2 Bd6 11. Nxe4 Nxe4 12. Qxe4 Qc7 13. h3 O-O 14. d3 Rab8 15.
b3 Be5 16. Rb1 Rb4 17. c4 Rb7 18. Be3 Qd6 19. Rfe1 Bd4 20. Bf4 Qd7 21. Be5 Rd8 22.
Bxd4 cxd4 23. Qe5 Qd6 24. Qxd6 Rxd6 25. Re5 f6 26. Ra5 Kf7 27. Re1 e5 28. g3 h5 29. h4 Ke6 30. f4 Kd7 31. fxe5 Re6 32. Kf2 f5 33. Kf3 g6 34. Kf4 Rc7 35. Kg5 c5 36.
Kf4 Ke7 37. a3 Rb6 38. Rb1 Rcb7 39. Rxc5 Rxb3 40. Rc7+ Rxc7 41. Rxb3 Ke6 42. Rb8 Kf7 43. Kg5 Re7 44. Kf4 Rd7 45. Rb5 Ke6 46. Ra5 Rb7 47. Ra6+ Kf7 48. Kg5 Re7 49. Rf6+ Kg7 50. Rxg6+ Kf7 51.
Rf6+ Kg7 52. Kxf5 a5 53. Rg6+ Kh7 54. Rg5 Rf7+ 55. Ke6 Rf3 56. Kd7 Rxd3 57. e6 Re3 58. e7 d3 59. Rd5 Kg6 60. e8=Q+ Rxe8 61. Kxe8 a4 62. Rxd3 Kf5 63. c5 Kg4 64. c6 Kh3 65.
c7 Kh2 66. c8=Q Kg2 67. g4 Kf2 68. gxh5 Ke2 69. Rc3 Kd2 70. h6 Kd1 71. Rc2 Ke1 72. h7 Kd1 73. h8=Q Ke1 74. Qe6+ Kd1 75. Qd4+ Kxc2 76. Qec4+ Kb1 77. Qd1+ Kb2 78. Qdc1# 1-0

[Event "Early-Titled-Tuesday-Blitz-April-23-2024"]
[Site "Chess.com"]
[Date "2024.04.23"]
[Round "8"]
[White "MyDream003"]
[Black "GlavkonVVS"]
[Result "1/2-1/2"]
[WhiteElo "2819"]
[BlackElo "2627"]
[TimeControl "180+1"]
[EndTime "9:32:50 PDT"]
[Termination "Game drawn by repetition"]

1. Nf3 Nf6 2. g3 c5 3. Bg2 Nc6 4. d4 cxd4 5. Nxd4 g6 6. c4 Bg7 7. Nc3 O-O 8. O-O Ng4 9. e3 d6 10. b3 Bd7 11. Bb2 Rc8 12. Rc1 a6 13. Nde2 b5 14.
cxb5 axb5 15. Qd2 b4 16. Nd5 Bxb2 17. Qxb2 e6 18. Ndf4 d5 19. Nd3 Qe7 20. Rc2 Na7 21. Rfc1 Nb5 22. Rxc8 Rxc8 23. Rxc8+ Bxc8 24. Qd2 Qf6 25. h3 Qa1+ 26. Qc1 Qxc1+ 27. Nexc1 Nf6 28. Nxb4 Kf8 29. Kf1 Ke7 30. Ke1 Kd6 31. Kd2 e5 32.
a4 Nc7 33. Nc2 Ne4+ 34. Bxe4 dxe4 35. Ne2 Bxh3 36. Nc3 f5 37. b4 Bf1 38. b5 Kc5 39. Na1 Bc4 40. Kc2 h5 41. Nb3+ Bxb3+ 42. Kxb3 g5 43.
Ne2 h4 44. gxh4 gxh4 45. Ng1 Nd5 46. Nh3 f4 47. exf4 exf4 48. Kc2 Kb4 49. Nxf4 Nxf4 50.
b6 Ne6 51. b7 Nd4+ 52. Kd2 Nc6 53. Ke2 h3 54. Kf1 Kxa4 55. Kg1 Kb5 56. Kh2 Kc4 57.
Kxh3 Kd3 58. Kg3 Kd4 59. Kf4 Nb8 60. Kf5 Nd7 61. Kf4 Kd3 62. Kf5 Kd4 63. Kf4 Nb8 64. Kf5 Nc6 65. Kf4 Kd3 66. Kf5 Nd4+ 67. Kf4 Nc6 68. Kf5 Kd4 69. Kf4 1/2-1/2

[Event "Early-Titled-Tuesday-Blitz-April-23-2024"]
[Site "Chess.com"]
[Date "2024.04.23"]
[Round "8"]
[White "Flawless_Fighter"]
[Black "MFatigue"]
[Result "1/2-1/2"]
[WhiteElo "2718"]
[BlackElo "2560"]
[TimeControl "180+1"]
[EndTime "9:32:50 PDT"]
[Termination "Game drawn - insufficient material"]

1. Nf3 d5 2. d4 Nf6 3. g3 c5 4. Bg2 cxd4 5. Nxd4 e5 6. Nf3 Nc6 7. O-O Be7 8. b3 O-O 9. Bb2 e4 10. Nd4 Nxd4 11. Qxd4 Be6 12. Nc3 b6 13. e3 Bc5 14. Qd2 Qe7 15. a3 a5 16. Ne2 Rfd8 17.
Rfd1 Bg4 18. h3 Bf3 19. Re1 Bxg2 20. Kxg2 Rac8 21. Red1 Rd7 22. Nf4 Rcd8 23. Qe2 d4 24. exd4 Bxd4 25. Bxd4 Rxd4 26. Rxd4 Rxd4 27. Rd1 Rxd1 28.
Qxd1 g5 29. Ne2 Kg7 30. Qd4 Qe6 31. g4 Qd5 32. Qe3 h5 33. c4 Qe5 34. Ng3 hxg4 35. hxg4 Nxg4 36. Qxe4 Qxe4+ 37. Nxe4 Kg6 38. Nd6 Ne5 39.
Nc8 Nd7 40. Kf3 Kf5 41. Ke3 Ke5 42. Kd3 f5 43. Ne7 g4 44. Ng6+ Kd6 45. Kd4 Nc5 46.
b4 axb4 47. axb4 Ne6+ 48. Ke3 Kd7 49. Nh4 f4+ 50. Ke4 g3 51. fxg3 fxg3 52. Kf3 Nd4+ 53. Kxg3 Nc2 54. b5 Na3 55. Kf4 Nxc4 56. Nf3 Kd6 57. Ke4 Kc5 58. Kd3 Nd6 59. Ne5 Kxb5 60. Nd7 Kc6 61. Nxb6 1/2-1/2

[Event "Early-Titled-Tuesday-Blitz-April-23-2024"]
[Site "Chess.com"]
[Date "2024.04.23"]
[Round "8"]
[White "GambitGiesbergen"]
[Black "RantomOpening"]
[Result "0-1"]
[WhiteElo "2329"]
[BlackElo "2511"]
[TimeControl "180+1"]
[EndTime "9:32:50 PDT"]
[Termination "RantomOpening won by checkmate"]

1. c4 e6 2. Nc3 d5 3. d4 Nf6 4.
cxd5 exd5 5. Bg5 c6 6. Qc2 Be7 7. e3 O-O 8. Bd3 h6 9. Bh4 Ne8 10. Bxe7 Qxe7 11. Nf3 Nd6 12. O-O Nd7 13. Rae1 Nf6 14.
Ne5 Nd7 15. f4 Nf6 16. Kh1 Be6 17. Qd1 Rac8 18. Bb1 Bf5 19. Bxf5 Nxf5 20. g4 Nd6 21. g5 hxg5 22. fxg5 Nfe4 23. Nxe4 Nxe4 24. g6 fxg6 25.
Rxf8+ Rxf8 26. Rf1 Nf2+ 27. Rxf2 Rxf2 28. Qg4 Rf8 29.
Nxg6 Rf1+ 30. Kg2 Qf6 31. Nf4 Rb1 32. Qc8+ Kh7 33. Qh3+ Kg8 34. Qc8+ Kf7 35. Qxb7+ Ke8 36. Qc8+ Kf7 37. Qd7+ Kg8 38. Qe8+ Kh7 39. Qh5+ Kg8 40.
Qe8+ Kh7 41. Qh5+ Kg8 42. b3 Rb2+ 43. Kf3 g6 44. Qg4 Rxh2 45. Qc8+ Kg7 46. Qc7+ Kh6 47. Qc8 g5 48. Kg3 gxf4+ 49. Kxh2 f3 50. Kg1 Qg5+ 51. Kf1 Qg2+ 52. Ke1 Qe2# 0-1